cohdb
Replays
Latest Replays
All Replays
Popular Replays
Top Player Replays
Match Explorer
How It Works
Community
CoH3 Stats
Reddit
Sign in to upload your games and track your stats! →
Sign in with Steam
Match 43243749
Unlisted
Match 43243749
Overview
Messages
Build Orders
End
Royal Engineer Section
Construct Section Command Post
Dingo Light Scout Car
Infantry Section
Infantry Section
Infantry Section
Selects Indian Artillery Battlegroup
Selects Valour
ML 3-inch Mortar Team
Construct Platoon Command Post
Humber Armored Car
6-pounder Anti-tank Gun Team
Selects Artillery Saturation
Selects Gurkha Rifles Section
Gurkha Rifles Section
Unlock Bishop Self-propelled Artillery
Bishop Self-propelled Artillery
Selects Pillage
Tok3n x Operator
chasedirig
TechT0nic
Larry
Victor
hogarthw
0
0
Comments
sign in to comment!
No comments posted yet!